 Dungeon Crawl Stone Soup version 0.30-a0-364-gf6b3ef1049 (webtiles) character file.

Game seed: 5892451315182801669

60 marietta the Cudgeller (level 4, -1/29 HPs)
             Began as a Gargoyle Cinder Acolyte on Nov 14, 2022.
             Was a High Priest of Ignis.
             Slain by a white imp (3 damage)
             ... summoned by Natasha
             ... on level 3 of the Dungeon.
             The game lasted 00:03:18 (1510 turns).

marietta the Cudgeller (Gargoyle Cinder Acolyte)    Turns: 1510, Time: 00:03:18

Health: -1/29      AC:  6    Str: 18    XL:     4   Next: 4%
Magic:  5/5        EV: 15    Int: 16    God:    Ignis [*****.]
Gold:   103        SH:  0    Dex:  5    Spells: 3/5 levels left

rFire   + . .      SeeInvis .    a - -1 mace (flame)
rCold   . . .      Faith    .    (no shield)
rNeg    + . .      Spirit   .    b - +0 robe
rPois   ∞          Reflect  .    (no helmet)
rElec   +          Harm     .    c - +0 cloak
rCorr   .          Rampage  .    (no gloves)
Will    .....                    (no boots)
Stlth   +.........               (no amulet)
HPRegen 0.24/turn                e - +4 ring of evasion
MPRegen 0.09/turn                (no ring)

@: no status effects
A: sickness immunity, AC +3, negative energy resistance 1, electricity
resistance, torment resistance 1, petrification resistance
a: Renounce Religion, Fiery Armour, Foxfire Swarm, Rising Flame


You were on level 3 of the Dungeon.
You worshipped Ignis.
Ignis was extremely pleased with you.
You visited 1 branch of the dungeon, and saw 3 of its levels.

You collected 103 gold pieces.

Inventory:

Hand Weapons
 a - a -1 mace of flaming (weapon)
 g - a +0 spear of flaming
Armour
 b - a +0 robe (worn)
 c - a +0 cloak (worn)
Jewellery
 e - a +4 ring of evasion (left hand)
Scrolls
 d - a scroll of amnesia {unknown}
 h - 2 scrolls of identify
 i - a scroll of teleportation {unknown}
Potions
 f - a potion of magic {unknown}
 j - 2 potions of berserk rage {unknown}
 k - a potion of curing
 l - 2 potions of attraction {unknown}
 m - a potion of might {unknown}


   Skills:
 + Level 4.0 Fighting
 * Level 4.3 Maces & Flails
 - Level 1.0 Spellcasting
 - Level 3.0 Fire Magic


You had 3 spell levels left.
You knew the following spells:

 Your Spells              Type           Power      Damage    Failure   Level
a - Scorch                Fire           20%        2d6       10%         2

Your spell library contained the following spells:

 Spells                   Type           Power      Damage    Failure   Level


Dungeon Overview and Level Annotations

Branches:
Dungeon (3/15)

Altars:
Nemelex Xobeh

Annotations:
D:3 Natasha


Innate Abilities, Weirdness & Mutations

You are immune to sickness and miasma.
Your stone body is resilient. (AC +3)
You are immune to poison.
You resist negative energy. (rN+)
You are resistant to electric shocks. (rElec)
You are resistant to unholy torment.
You are immune to petrification.


Message History

Natasha mumbles some strange words.
The shadow imp misses you. Natasha claws you.
You hit Natasha. You burn Natasha.
Natasha is moderately wounded.
The shadow imp closely misses you. Natasha claws you.
You hit Natasha. You burn Natasha.
Natasha is severely wounded.
The shadow imp hits you.
Natasha mumbles some strange words.
The shadow imp hits you.
You barely miss Natasha.
Natasha is severely wounded.
The shadow imp gestures at you. Pain shoots through your body!
The shadow imp hits you but does no damage.
Natasha closely misses you. The white imp barely misses you.
The shadow imp hits you.
You are too injured to fight recklessly!
You are too injured to fight recklessly!
You hit Natasha. You burn Natasha.
Natasha is almost dead.
The shadow imp hits you but does no damage.
Natasha howls an incantation.
Natasha's front paws start to glow.
Natasha casts a spell at you. The magic dart hits you.
* * * LOW HITPOINT WARNING * * *
The white imp hits you but does no damage.
The shadow imp hits you.
* * * LOW HITPOINT WARNING * * *
You hit Natasha but do no damage.
Natasha is almost dead.
Natasha mumbles some strange words.
Natasha's front paws start to glow.
Natasha claws you but does no damage. The shadow imp hits you.
* * * LOW HITPOINT WARNING * * *
The white imp hits you.
* * * LOW HITPOINT WARNING * * *
The white imp freezes you.
You die...

#..........>..
#.############ # #.# #.
#.############ #.
#.............
#.################.#
.####...................
........##############.#
......5@5# #....#.#
#.....5h.# ##.#.#.#
#........# #.#.#.#
#........# ##.#.#.#
#........# #..#.#.#
#........# ####.#.#
#........# #.....
#......... ##.#.# ##...


You could see Natasha, a white imp (summoned) and 2 shadow imps.

Vanquished Creatures
  3 adders
  6 endoplasms
  2 goblins (D:1)
  4 hobgoblins
  4 kobolds (D:2)
  2 quokkas (D:1)
  2 ball pythons
  3 bats
  3 frilled lizards
  2 rats
31 creatures vanquished.

Notes
Turn   | Place    | Note
-------+----------+-------------------------------------------
     0 | D:1      | marietta the Gargoyle Cinder Acolyte began the quest for
                  | the Orb.
     0 | D:1      | Reached XP level 1. HP: 14/14 MP: 2/2
   303 | D:1      | Reached XP level 2. HP: 19/19 MP: 3/3
   898 | D:2      | Reached XP level 3. HP: 24/24 MP: 4/4
   944 | D:2      | Found a sparkling altar of Nemelex Xobeh.
   954 | D:2      | Learned a level 2 spell: Scorch
  1400 | D:3      | Reached XP level 4. HP: 27/29 MP: 5/5
  1500 | D:3      | Noticed Natasha
  1510 | D:3      | Slain by a white imp

Illustrated notes

Levels and vault maps discovered:
D:1:      enne_arrival_octagon_isle, layout_loops_ring, minmay_hedge_maze
D:2:      layout_rooms, basic_altar
D:3:      layout_basic, mainiacjoe_overflow_alcove_1,
          grunt_temple_overflow_diamond, serial_shops, shop,
          nicolae_diamond_shop, uniq_sigmund, uniq_natasha, uniq_robin

Skill      XL: |  1  2  3 |
---------------+----------+-----
Maces & Flails | 4 |  4.3
Fighting       | 4 |  4.0
Spellcasting   | |  1.0
Fire Magic     | |  3.0

Action                   |  1- 3 |  4- 6 || total
-------------------------+-------+-------++-------
Melee: Mace              |   105 |    12 ||   117
       Punch             |     1 |       ||     1
 Cast: Scorch            |     1 |       ||     1
  Use: Scroll            |       |     1 ||     1
Armor: Robe              |    38 |     5 ||    43
Dodge: Dodged            |    92 |     9 ||   101

Table legend: (Time is in decaauts)
 A = Elapsed time spent in this place.
 B = Non-inter-level travel time spent in this place.
 C = Inter-level travel time spent in this place.
 D = Time resting spent in this place.
 E = Time spent auto-exploring this place.
 F = Levels seen in this place.
 G = Mean time per level.
                   A        B        C        D        E       F      G
               +--------+--------+--------+--------+--------+-----+--------+
         Total |   1533 |   1435 |     98 |     24 |   1149 |   3 |  511.0 |
       Dungeon |   1533 |   1435 |     98 |     24 |   1149 |   3 |  511.0 |
               +--------+--------+--------+--------+--------+-----+--------+

Top non-repeatable levels by time:
     D:1: 806 daAuts
     D:2: 577 daAuts
     D:3: 149 daAuts
